 Dungeon Crawl Stone Soup version 0.28.0-53-g5a82cb258f (webtiles) character file.

Game seed: 13384414757642730415

83 Sin92 the Skirmisher (level 4, -1/35 HPs)
             Began as a Demonspawn Fighter on July 5, 2022.
             Slain by Crazy Yiuf
             ... wielding a +4 quarterstaff of chaos
              (3 damage)
             ... on level 2 of the Dungeon.
             The game lasted 00:01:13 (2011 turns).

Sin92 the Skirmisher (Demonspawn Fighter)           Turns: 2011, Time: 00:01:14

Health: -1/35      AC:  6    Str: 18    XL:     4   Next: 22%
Magic:  0/4        EV: 14    Int:  9    God:
Gold:   63         SH:  4    Dex: 13    Spells: 3/3 levels left

rFire   . . .      SeeInvis .   a - +0 war axe
rCold   . . .      Faith    .   c - +0 buckler
rNeg    . . .      Spirit   .   b - +0 scale mail
rPois   .          Reflect  .   (no helmet)
rElec   .          Harm     .   (no cloak)
rCorr   .          Rampage  .   (no gloves)
Will    .....                   (no boots)
Stlth   ..........              (no amulet)
HPRegen 0.11/turn               (no ring)
MPRegen 0.09/turn               (no ring)

@: agile, invisible
A: demonic magic 1, demonic touch 1
a: no special abilities


You were on level 2 of the Dungeon.
You visited 1 branch of the dungeon, and saw 2 of its levels.

You collected 63 gold pieces.

Inventory:

Hand Weapons
 a - a +0 war axe (weapon)
Armour
 b - a +0 scale mail (worn)
 c - a +0 buckler (worn)
Scrolls
 i - a scroll of teleportation {unknown}
Potions
 d - a potion of might
 e - a potion of curing
 h - 2 potions of heal wounds


   Skills:
 + Level 3.3 Fighting
 * Level 2.7 Axes
 + Level 3.1 Armour
 + Level 1.2 Dodging
 + Level 3.0 Shields


You had 3 spell levels left.
You didn't know any spells.
Your spell library contained the following spells:

 Spells                   Type           Power      Damage    Failure   Level
 Apportation              Tloc           0%         N/A       86%         1
 Alistair's Intoxication  Tmut/Pois      0%         N/A       100%        5


Dungeon Overview and Level Annotations

Branches:
Dungeon (2/15)

Altars:

Annotations:
D:2 Crazy Yiuf


Innate Abilities, Weirdness & Mutations

Spells you cast may paralyse adjacent enemies.
Your touch may inflict minor irresistible damage on your foes.


Message History

You hit Crazy Yiuf.
Crazy Yiuf is lightly wounded.
Crazy Yiuf screams, "Candle aubergine leg!"
Crazy Yiuf hits you with a +4 quarterstaff of chaos!
You feel your power leaking away.
Crazy Yiuf hits you with a +4 quarterstaff of chaos!
Crazy Yiuf freezes you.
* * * LOW HITPOINT WARNING * * *
It was a potion of curing.
You feel better.
Crazy Yiuf hits you with a +4 quarterstaff of chaos!
It was a potion of cancellation.
You feel magically purged.
Crazy Yiuf hits you with a +4 quarterstaff of chaos.
* * * LOW HITPOINT WARNING * * *
It was a potion of invisibility.
You fade into invisibility!
Crazy Yiuf barely misses you.
It was a potion of heal wounds.
You feel much better. You block Crazy Yiuf's attack.
You barely miss Crazy Yiuf.
Crazy Yiuf is lightly wounded.
Crazy Yiuf screams, "Shower poople koolooloo!"
Crazy Yiuf hits you with a +4 quarterstaff of chaos!
You feel agile all of a sudden.
You hit Crazy Yiuf but do no damage.
Crazy Yiuf is lightly wounded.
You block Crazy Yiuf's attack.
Crazy Yiuf yells, "Goober!"
Crazy Yiuf barely misses you.
You closely miss Crazy Yiuf.
Crazy Yiuf is lightly wounded.
Crazy Yiuf hits you with a +4 quarterstaff of chaos!
Space warps horribly around you!
* * * LOW HITPOINT WARNING * * *
You slash Crazy Yiuf!
Crazy Yiuf is severely wounded.
Crazy Yiuf twirls on the spot.
You block Crazy Yiuf's attack.
Crazy Yiuf glowers.
Crazy Yiuf hits you with a +4 quarterstaff of chaos.
You die...

##......# ##......######
##...........#
####....###### ...+....#
####....##♣♣♣♣♣ #
#.....#..♣.♣♣♣ ### #
#.........♣..♣#...#
####......♣.♣♣♣♣@g...#
##.......#.♣♣ ♣♣#..)#
##......##♣♣ ###
++......# ##......#
##......### ##........#
#........#
##........###############


You could see Crazy Yiuf.

Vanquished Creatures
  4 adders (D:2)
  2 dart slugs
  5 ball pythons (D:1)
  5 endoplasms
  2 giant cockroaches (D:1)
  5 goblins (D:1)
  3 hobgoblins
  2 quokkas
  5 bats
  A frilled lizard (D:1)
  4 kobolds (D:1)
  5 rats (D:1)
43 creatures vanquished.

Vanquished Creatures (others)
  A demonic plant (D:1)
1 creature vanquished.

Grand Total: 44 creatures vanquished

Notes
Turn   | Place    | Note
-------+----------+-------------------------------------------
     0 | D:1      | Sin92 the Demonspawn Fighter began the quest for the Orb.
     0 | D:1      | Reached XP level 1. HP: 18/18 MP: 1/1
   119 | D:1      | Discovered your monstrous ancestry.
   119 | D:1      | Gained mutation: Your touch may inflict minor irresistible
                  | damage on your foes. [demonic ancestry]
   119 | D:1      | Reached XP level 2. HP: 24/24 MP: 2/2
   515 | D:1      | Reached XP level 3. HP: 29/29 MP: 3/3
   818 | D:1      | Found a faded altar of an unknown god.
   818 | D:1      | Noticed an Ice Fiend
   874 | D:2      | Reached skill level 1 in Dodging
   965 | D:2      | Found a runed translucent door.
   966 | D:2      | Noticed Crazy Yiuf
  1643 | D:2      | Gained mutation: Spells you cast may paralyse adjacent
                  | enemies. [demonic ancestry]
  1643 | D:2      | Reached XP level 4. HP: 19/35 MP: 4/4
  2011 | D:2      | Slain by Crazy Yiuf

Illustrated notes

Levels and vault maps discovered:
D:1:      co_arrival_square_in_a_square_in_a_square, layout_loops_ring,
          dreamdust_ecumenical_altar_sealed_demon, corexii_hall_statues_u
D:2:      layout_basic, uniq_crazy_yiuf_cottage

Skill      XL: |  1  2  3 |
---------------+----------+-----
Axes           | 2 |  2.7
Armour         | 3 |  3.1
Dodging        | 1 |  1.2
Shields        | 3 |  3.0
Fighting       | |  3.3

Action                   |  1- 3 |  4- 6 || total
-------------------------+-------+-------++-------
Melee: War axe           |   103 |     6 ||   109
  Use: Potion            |       |     4 ||     4
Armor: Scale mail        |    61 |       ||    61
Dodge: Dodged            |    44 |     2 ||    46
Block: Buckler           |    27 |     3 ||    30
